 Dungeon Crawl Stone Soup version 0.28.0-47-ge53b351184 (webtiles) character file.

Game seed: 1496397013407666388

51 firemarshallily the Chopper (level 3, 0/31 HPs)
             Began as a Minotaur Gladiator on May 4, 2022.
             Was a Follower of Elyvilon.
             Succumbed to a goblin's poison
             ... on level 2 of the Dungeon.
             The game lasted 00:05:43 (940 turns).

firemarshallily the Chopper (Minotaur Gladiator)     Turns: 940, Time: 00:05:43

Health: 0/31       AC:  4    Str: 18    XL:     3   Next: 58%
Magic:  2/2        EV: 12    Int:  5    God:    Elyvilon [*.....]
Gold:   50         SH:  0    Dex: 13    Spells: 2/2 levels left

rFire   . . .      SeeInvis .   a - +0 war axe
rCold   . . .      Faith    .   (no shield)
rNeg    . . .      Spirit   .   b - +0 leather armour
rPois   .          Reflect  .   c - +1 hat
rElec   .          Harm     .   (no cloak)
rCorr   .          Rampage  .   (no gloves)
Will    .....                   (no boots)
Stlth   +.........              (no amulet)
HPRegen 0.10/turn               (no ring)
MPRegen 0.08/turn               (no ring)

@: lethally poisoned (0 -> -8), invisible
A: horns 2, retaliatory headbutt, agile 1, weak 1, no potion heal 1
a: Renounce Religion, Purification


You were on level 2 of the Dungeon.
You worshipped Elyvilon.
Elyvilon was aware of your devotion.
You visited 1 branch of the dungeon, and saw 2 of its levels.

You collected 50 gold pieces.

Inventory:

Hand Weapons
 a - a +0 war axe (weapon)
Missiles
 d - 3 throwing nets (quivered)
 m - 9 stones
Armour
 b - a +0 leather armour (worn)
 c - a +1 hat (worn)
 j - a +0 plate armour
Scrolls
 e - a scroll of enchant armour
 q - a scroll of teleportation
Potions
 f - a potion of lignification {unknown}
 h - a potion of attraction {unknown}
 i - a potion of invisibility
 k - a potion of mutation
 n - a potion of heal wounds {unknown}


   Skills:
 + Level 3.2 Fighting
 * Level 4.7 Axes
 - Level 2.0 Throwing
 + Level 1.6 Armour
 - Level 3.3 Dodging


You had 2 spell levels left.
You didn't know any spells.
Your spell library was empty.

Dungeon Overview and Level Annotations

Branches:
Dungeon (2/15)

Altars:
Cheibriados
Elyvilon


Innate Abilities, Weirdness & Mutations

You have a pair of horns on your head.
You reflexively headbutt those who attack you in melee.
You are agile. (Dex +2)
You are weak. (Str -2)
Potions are less effective at restoring your health.


Message History

You kill the kobold!
The adder closely misses you. The goblin closely misses you.
The adder bites you.
You are poisoned.
The adder poisons you! The goblin hits you but does no damage.
You are more poisoned.
You hit the adder.
You kill the adder!
You feel very sick. The goblin hits you but does no damage.
You are more poisoned.
You slash the frilled lizard!
You kill the frilled lizard!
You feel very sick.
The goblin hits you from afar with the +8 trident of the Octopus King {venom, rElec rPois}.
You hit the endoplasm. You headbutt the endoplasm.
You kill the endoplasm!
* * * LOW HITPOINT WARNING * * *
You feel very sick.
The goblin hits you from afar with the +8 trident of the Octopus King {venom, rElec rPois}.
* * * LOW HITPOINT WARNING * * *
You are more poisoned.
* * * LOW HITPOINT WARNING * * *
You feel very sick.
It was a potion of mutation.
You feel extremely strange.
You feel weaker.
You feel agile.
Your system partially rejects the healing effects of potions.
Elyvilon protects you from harm! The goblin misses you.
Okay, then.
It was a potion of invisibility.
You fade into invisibility!
* * * LOW HITPOINT WARNING * * *
You feel sick. The goblin barely misses you. The rat closely misses you.
You furiously retaliate!
You headbutt the rat!
You kill the rat!
You fail to use your ability.
Elyvilon protects you from harm! The goblin closely misses you.
You die...

...####+########.####
...# *,,* #........#
...## **<**#.......[#
** ....# *,,*#........#
*, ...># **,*#........#
*, .<..# *,,#........#
*, ....# **,#####'####
*, ....# *,,* #.# *,
#.#+#* **,* #@# *,
...,,* *,* #.# *,
##..,* ****,***#†#* *,
,,..,* *,......g†)#****
*, **..,*
*,...........,,* *,
**,,,* *,.............*
** ,,,,,*
*,........)....# ,,,,,*
*,.........#####*******
,,,,,* *,.........#
*,,,,,,,,*


You could see a goblin.

Vanquished Creatures
  2 adders (D:2)
  2 bats (D:1)
  2 endoplasms
  2 giant cockroaches (D:1)
  2 goblins
  2 hobgoblins (D:1)
  4 jackals (D:2)
  4 kobolds
  3 quokkas (D:1)
  2 ball pythons
  A frilled lizard (D:2)
  5 rats
31 creatures vanquished.

Notes
Turn   | Place    | Note
-------+----------+-------------------------------------------
     0 | D:1      | firemarshallily the Minotaur Gladiator began the quest for
                  | the Orb.
     0 | D:1      | Reached XP level 1. HP: 18/18 MP: 0/0
   116 | D:1      | Found a faded altar of an unknown god.
   129 | D:1      | Prayed at the altar of an unknown god.
   129 | D:1      | Became a worshipper of Elyvilon the Healer
   129 | D:1      | Reached * piety under Elyvilon
   332 | D:1      | Reached skill level 4 in Axes
   332 | D:1      | Reached XP level 2. HP: 19/25 MP: 1/1
   559 | D:1      | Reached skill level 1 in Armour
   780 | D:2      | Reached XP level 3. HP: 24/31 MP: 2/2
   858 | D:2      | Found a snail-covered altar of Cheibriados.
   937 | D:2      | Gained mutation: You are weak. (Str -2) [potion of
                  | mutation]
   937 | D:2      | Gained mutation: You are agile. (Dex +2) [potion of
                  | mutation]
   937 | D:2      | Gained mutation: Potions are less effective at restoring
                  | your health. [potion of mutation]
   937 | D:2      | Elyvilon protects you from harm!
   938 | D:2      | HP: 1/31 [poisoned by a goblin]
   939 | D:2      | Elyvilon protects you from harm!
   940 | D:2      | Succumbed to a goblin's poison

Illustrated notes

Levels and vault maps discovered:
D:1:      minmay_arrival_wavy_path, layout_basic, basic_ecumenical_altar
D:2:      layout_basic, basic_altar, minmay_between

Skill      XL: |  1  2 |
---------------+-------+-----
Axes           | 4 |  4.7
Armour         | 1 |  1.6
Fighting       | 3 |  3.2
Throwing       | |  2.0
Dodging        | |  3.3

Action                   || total
-------------------------++-------
Melee: War axe           ||    44
       Headbutt          ||     7
  Use: Scroll            ||     5
       Potion            ||     2
Armor: Leather armour    ||    17
Dodge: Dodged            ||    32
